 Dungeon Sprint DCSS version 0.19.0-11-g3fc08b3 (webtiles) character file.

181 poirepourri the Shield-Bearer (level 5, -3/41 HPs)
             Began as a Halfling Fighter on Nov 9, 2016.
             Slain by a deep elf mage
             ... wielding a +0 long sword of holy wrath
              (5 damage)
             ... in the Dungeon (Sprint III: "The Ten Rune Challenge").
             The game lasted 00:01:18 (863 turns).

poirepourri the Shield-Bearer (Halfling Fighter)     Turns: 863, Time: 00:01:18

Health: -3/41      AC:  9    Str: 18    XL:     5   Next: 92%
Magic:  5/5        EV: 10    Int:  6    God:
Gold:   34         SH: 11    Dex: 14    Spells: 0 memorised, 4 levels left

rFire  . . .     SeeInvis .     a - +0 rapier
rCold  . . .     Gourm    .     b - +0 scale mail
rNeg   . . .     Faith    .     c - +0 shield
rPois  .         Spirit   .     (no helmet)
rElec  .         Reflect  .     g - +0 cloak
rCorr  .         Harm     .     (no gloves)
MR     .....     NoTele   +     (no boots)
Stlth  ..........               (no amulet)
                                (no ring)
                                (no ring)

@: no status effects
A: mutation resistance 1
a: no special abilities


You were in the Dungeon.
You were not hungry.

You visited 1 branch You collected 34 gold pieces.

Inventory:

Hand Weapons
 a - a +0 rapier (weapon)
Armour
 b - a +0 scale mail (worn)
 c - a +0 shield (worn)
 g - a +0 cloak (worn)
Scrolls
 k - a scroll of blinking
 s - 2 scrolls of remove curse
Potions
 e - a potion of curing
 h - a potion of haste
 i - 2 potions of magic
 j - 2 potions of mutation
 p - 2 potions of cure mutation
 q - 3 potions of flight
Books
 d - a book of Minor Magic

   Spells                             Type                      Level
   a - Magic Dart                     Conjuration                  1
   b - Blink                          Translocation                2
   c - Call Imp                       Summoning                    2
   d - Repel Missiles                 Charms/Air                   2
   e - Slow                           Hexes                        2
   f - Conjure Flame                  Conjuration/Fire             3
   g - Mephitic Cloud                 Conjuration/Poison/Air       3
 l - a book of Cantrips

   Spells                             Type                      Level
   a - Confusing Touch                Hexes                        1
   b - Animate Skeleton               Necromancy                   1
   c - Summon Small Mammal            Summoning                    1
   d - Apportation                    Translocation                1
Comestibles
 f - a bread ration
 o - a royal jelly
 t - 4 fruits


   Skills:
 + Level 6.1 Fighting
 + Level 5.8 Short Blades
 + Level 6.4 Armour
 + Level 0.9 Dodging
 + Level 7.4 Shields


You had 4 spell levels left.
You didn't know any spells.

Dungeon Overview and Level Annotations

Branches:
Dungeon (1/1)

Altars:
Elyvilon
Kikubaaqudgha
Sif Muna
Vehumet
Zin
The Shining One


Innate Abilities, Weirdness & Mutations

You are small and have problems with some larger weapons.
You are somewhat resistant to further mutation.


Message History

You start resting.
You start resting.
HP restored.
Okay, then.
You open the door.
Found three altars.
A deep elf mage comes into view.
It is wielding a long sword of holy wrath.
The deep elf mage shouts!
The deep elf mage picks up a potion of heal wounds.
There is an open door here.
The deep elf mage mumbles some strange words.
You closely miss the deep elf mage.
The deep elf mage points at you and mumbles some strange words.
The bolt of fire hits you! The fire elemental barely misses you.
The fire elemental hits you. The fire elemental burns you!
Your shield and scale mail prevent you from hitting the deep elf mage.
The fire elemental hits you. The fire elemental burns you!
* * * LOW HITPOINT WARNING * * *
The deep elf mage hits you with a long sword of holy wrath.
You die...

▓▓▓▓▓ ▓▓▓ #...####
##.#####
#......#####..#__E#
#.......#..#..#e@.#
##.##.).#..#..###E#+###+#
##.###..##'#..#..........
###.##..###...'.⌠........
#..##..####...#...######+
...##..###....#.⌠.#
..##...##.....#...#
.##....#).....#'###
###..##.#.....#)).#


You could see a deep elf mage and 2 fire elementals.

Vanquished Creatures
  A water elemental (D)
  Crazy Yiuf (D)
  Jessica (D)
  A wizard (D)
  A human (D)
  A kobold demonologist (D)
  2 oozes (D)
8 creatures vanquished.

Vanquished Creatures (others)
  2 draconian scorchers (D)
  6 hellions (D)
  A yaktaur (D)
9 creatures vanquished.

Grand Total: 17 creatures vanquished

Notes
Turn   | Place    | Note
-------+----------+-------------------------------------------
     0 | D        | poirepourri the Halfling Fighter began the quest for the Orb.
     0 | D        | Reached XP level 1. HP: 15/15 MP: 1/1
    16 | D        | Reached skill level 4 in Shields
    16 | D        | Reached XP level 2. HP: 14/21 MP: 2/2
    88 | D        | Killed a hellion
   103 | D        | Killed a hellion
   104 | D        | Killed a hellion
   110 | D        | Killed a hellion
   129 | D        | Killed a hellion
   137 | D        | Noticed Jessica
   140 | D        | Killed a hellion
   145 | D        | Killed Jessica
   145 | D        | Reached skill level 5 in Shields
   145 | D        | Reached XP level 3. HP: 24/27 MP: 3/3
   186 | D        | Killed a white draconian scorcher
   198 | D        | Killed a white draconian scorcher
   242 | D        | Noticed Crazy Yiuf
   252 | D        | Killed Crazy Yiuf
   252 | D        | Reached skill level 5 in Armour
   252 | D        | Reached XP level 4. HP: 34/34 MP: 4/4
   259 | D        | Reached skill level 6 in Shields
   368 | D        | Killed a yaktaur
   466 | D        | Noticed a water elemental
   473 | D        | Killed a water elemental
   473 | D        | Reached skill level 5 in Fighting
   473 | D        | Reached skill level 5 in Short Blades
   473 | D        | Reached skill level 7 in Shields
   473 | D        | Reached XP level 5. HP: 13/39 MP: 5/5
   679 | D        | Found a radiant altar of Vehumet.
   679 | D        | Found a deep blue altar of Sif Muna.
   679 | D        | Found an ancient bone altar of Kikubaaqudgha.
   859 | D        | Found a glowing silver altar of Zin.
   859 | D        | Found a glowing golden altar of the Shining One.
   859 | D        | Found a white marble altar of Elyvilon.
   860 | D        | Noticed a deep elf mage
   862 | D        | Noticed a fire elemental
   862 | D        | Noticed a fire elemental
   863 | D        | HP: 2/41 [fire elemental[a deep elf mage] (12)]
   863 | D        | Slain by a deep elf mage

Skill      XL: |  1  2  3  4  5 |
---------------+----------------+-----
Fighting       | 3 4 5 6 |  6.1
Shields        | 4 5 7 |  7.4
Short Blades   | 3 4 5 |  5.8
Armour         | 4 5 6 |  6.4
Dodging        | |  0.9

Action                   |  1- 3 |  4- 6 || total
-------------------------+-------+-------++-------
Melee: Rapier            |    15 |    41 ||    56
  Use: Potion            |     2 |     1 ||     3
       Scroll            |       |     5 ||     5
Armor: Scale mail        |     5 |    13 ||    18
Dodge: Dodged            |     2 |     7 ||     9
Block: Shield            |     5 |    11 ||    16
